Map: Datos-C

Players

Cham

  • Race: Zerg Zerg
  • Spawn Location: 3:00

Solar - Winner!

  • Race: Zerg Zerg
  • League: Master
  • Spawn Location: 9:00

Event: HomeStory Cup XXII

VOD

Have the link to the VOD?

Description

Time

  • Played on: Dec. 15, 2022, 10:51 a.m.
  • Length: 5:35

All games in this series

Show
View Real Time Build Order
Export as new Build Order

Cham Zerg 

Build Orders: Pool First 

Get SALT Encoding   

  12  0:00  Drone  
  13  0:26  Spawning Pool  
  12  0:33  Extractor  
  11  0:50  Hatchery  
  10  1:12  Zergling x6  
  13  1:23  Overlord  
  13  1:36  Metabolic Boost  
  13  2:03  Zergling x2  
  13  2:06  Zergling x2  
  17  2:10  Zergling x2  
  18  2:15  Zergling x2  
  18  2:20  Zergling x2  
  20  2:23  Zergling x2  
  20  2:24  Zergling x2  
  20  2:32  Zergling x2  
  20  2:35  Zergling x2  
  22  2:41  Zergling x2  
  22  2:46  Zergling x2  
  22  2:50  Zergling x2  
  24  2:59  Zergling x2  
  24  3:00  Zergling x2  
  26  3:09  Zergling x2  
  26  3:24  Drone, Overlord  
  25  3:38  Drone x2  
  24  3:47  Drone x3  
  21  4:12  Zergling x4, Baneling Nest  
  21  4:13  Drone  
  21  4:15  Drone  
  22  4:25  Zergling x2  
  22  4:26  Zergling x4  
  22  4:28  Zergling x2  
  26  4:42  Queen  
  26  4:44  Drone x2  
  30  4:51  Overlord  
  30  4:55  Baneling  
  30  4:56  Baneling x3  
  29  5:09  Drone x3  
  29  5:12  Baneling  
  29  5:13  Zergling x2  
Show
View Real Time Build Order
Export as new Build Order

Solar Zerg - Winner!

Build Orders: Hatch First 

Get SALT Encoding   

  12  0:00  Drone  
  13  0:12  Overlord  
  13  0:17  Drone  
  14  0:31  Drone x2  
  16  0:48  Hatchery  
  15  0:51  Drone  
  15  0:55  Drone  
  17  0:57  Drone  
  18  1:10  Extractor  
  17  1:14  Spawning Pool  
  17  1:16  Drone  
  17  1:19  Drone  
  18  1:27  Drone  
  19  1:39  Drone  
  20  1:49  Drone  
  21  2:00  Queen  
  21  2:01  Queen  
  25  2:02  Zergling x2, Overlord  
  26  2:11  Drone x2  
  26  2:13  Metabolic Boost  
  28  2:22  Drone x2  
  30  2:34  Hatchery  
  30  2:36  Drone  
  30  2:39  Drone  
  31  2:45  Queen  
  31  2:50  Overlord  
  33  2:55  Drone x2  
  36  2:59  Baneling Nest  
  36  3:00  Zergling x2  
  36  3:05  Zergling x2  
  36  3:09  Zergling x2  
  36  3:12  Zergling x10  
  42  3:14  Zergling x2  
  43  3:24  Overlord  
  43  3:33  Overlord  
  36  3:42  Baneling x4  
  36  3:44  Zergling x2  
  35  3:55  Zergling x8  
  39  4:07  Zergling x2  
  39  4:13  Hatchery  
  37  4:19  Baneling Nest  
  37  4:21  Drone  
  37  4:25  Drone  
  38  4:32  Drone x3  
  41  4:42  Zergling x2  
  41  4:46  Zergling x2  
  42  4:57  Zergling x2  
  43  5:01  Drone  
  43  5:03  Zergling x4  
  46  5:10  Drone  
  45  5:20  Drone  
Tags
 
League
Master
Matchup
ZvZ
Player
ChamSolar
Race
Zerg
Replay Pack
hsc22
Spawn Locations
Cross Positions
Add a new tag
Caveats
  • Supply blocks, unpowered buildings, or Contaminate may cause inaccurate times.
  • Supply counts are checked every 10 seconds.